TOP OF THE 1ST |
Bowie Baysox batting - Pitching for Akron RubberDucks : RHP Chris Anderson
|
Pitching: RHP Chris Anderson
|
|
Batting: RHB Jeremy Giesler
|
0-0: Foul Ball, location: 2F 0-1: Called Strike 0-2: Ball 1-2: Ball 2-2: Fly out, F9 (Line Drive, 9, EV 106.9 MPH)
|
Batting: RHB Chase Cassidy
|
0-0: Foul Ball, location: 2F 0-1: Ball 1-1: Ball 2-1: Called Strike 2-2: Foul Ball, location: 2F 2-2: Foul Ball, location: 2F 2-2: Ball 3-2: Ground out 4-3 (Groundball, 4M, EV 82.5 MPH)
|
Batting: RHB Dermott Neill
|
0-0: Ball 1-0: Ball 2-0: Foul Ball, location: 2F 2-1: Called Strike 2-2: Ball 3-2: Ground out 4-3 (Groundball, 4M, EV 85.6 MPH)
|
Top of the 1st over - 0 runs, 0 hits, 0 errors, 0 left on base; Bowie 0 - Akron 0 |
BOTTOM OF THE 1ST |
Akron RubberDucks batting - Pitching for Bowie Baysox : RHP Ray Richards
|
Pitching: RHP Ray Richards
|
|
Batting: LHB Nick Welling
|
0-0: Bunt for hit to 25 - play at first, batter OUT! 5-3
|
Batting: SHB Arturo Baez
|
0-0: Foul Ball, location: 2F 0-1: Foul Ball, location: 2F 0-2: Ball 1-2: Foul Ball, location: 2F 1-2: Ball 2-2: Ball 3-2: Ground out 4-3 (Groundball, 4, EV 93.8 MPH)
|
Batting: RHB Harris Leroux
|
0-0: Ball 1-0: Foul Ball, location: 2F 1-1: Ground out 5-3 (Groundball, 56, EV 106.9 MPH)
|
Bottom of the 1st over - 0 runs, 0 hits, 0 errors, 0 left on base; Bowie 0 - Akron 0 |
TOP OF THE 2ND |
Bowie Baysox batting - Pitching for Akron RubberDucks : RHP Chris Anderson
|
Batting: SHB Tony Pantaleon
|
0-0: Ball 1-0: Swinging Strike 1-1: Foul Ball, location: 2F 1-2: Foul Ball, location: 2F 1-2: Foul Ball, location: 2F 1-2: Foul Ball, location: 2F 1-2: Strikes out swinging
|
Batting: RHB Danny Merrill
|
0-0: Ball 1-0: Called Strike 1-1: Ball 2-1: Ground out U3 (Groundball, 34, EV 108.1 MPH)
|
Batting: RHB Vince Jackson
|
0-0: Ground out 6-3 (Groundball, 6, EV 98.1 MPH)
|
Top of the 2nd over - 0 runs, 0 hits, 0 errors, 0 left on base; Bowie 0 - Akron 0 |
BOTTOM OF THE 2ND |
Akron RubberDucks batting - Pitching for Bowie Baysox : RHP Ray Richards
|
Batting: RHB Christian Blue
|
0-0: Called Strike 0-1: Ball 1-1: Ball 2-1: Ball 3-1: Base on Balls
|
Batting: RHB Hieronim Rutkowski
|
0-0: Ball Christian Blue steals 2nd base 1-0: Called Strike 1-1: Swinging Strike 1-2: Foul Ball, location: 2F 1-2: Ball 2-2: Fly out, F7 (Line Drive, 7, EV 89.4 MPH)
|
Batting: RHB Matt Thompson
|
0-0: Ball 1-0: Ground out 5-3 (Groundball, 5S, EV 75.6 MPH) Christian Blue to third
|
Batting: LHB Corey Trevor
|
0-0: Ground out U3 (Groundball, 34, EV 109.4 MPH)
|
Bottom of the 2nd over - 0 runs, 0 hits, 0 errors, 1 left on base; Bowie 0 - Akron 0 |
TOP OF THE 3RD |
Bowie Baysox batting - Pitching for Akron RubberDucks : RHP Chris Anderson
|
Batting: LHB Pat Shaddock
|
0-0: Ball 1-0: Called Strike 1-1: Ball 2-1: Ground out 4-3 (Groundball, 4, EV 101.9 MPH)
|
Batting: RHB Longfellow Wetzler
|
0-0: Ball 1-0: Ground out 5-3 (Groundball, 56S, EV 65.6 MPH)
|
Batting: RHB Ashton Holloway
|
0-0: Swinging Strike 0-1: Foul Ball, location: 2F 0-2: Strikes out looking
|
Top of the 3rd over - 0 runs, 0 hits, 0 errors, 0 left on base; Bowie 0 - Akron 0 |
BOTTOM OF THE 3RD |
Akron RubberDucks batting - Pitching for Bowie Baysox : RHP Ray Richards
|
Batting: RHB Edwin Rivera
|
0-0: Called Strike 0-1: Ball 1-1: Foul Ball, location: 2F 1-2: Ball 2-2: Ball 3-2: Foul Ball, location: 2F 3-2: Foul Ball, location: 2F 3-2: Base on Balls
|
Batting: RHB Tony Ramirez
|
0-0: Ball 1-0: Fielders Choice at 2nd, 5-4 (Groundball, 56, EV 85.0 MPH)
|
Batting: LHB Nick Welling
|
0-0: Ball 1-0: Foul Ball, location: 2F 1-1: Ball 2-1: Fly out, F9 (Flyball, 89D, EV 91.9 MPH)
|
Batting: SHB Arturo Baez
|
0-0: Ball 1-0: Called Strike 1-1: Called Strike 1-2: Strikes out swinging
|
Bottom of the 3rd over - 0 runs, 0 hits, 0 errors, 1 left on base; Bowie 0 - Akron 0 |
TOP OF THE 4TH |
Bowie Baysox batting - Pitching for Akron RubberDucks : RHP Chris Anderson
|
Batting: RHB Jeremy Giesler
|
0-0: Ball 1-0: Ball 2-0: Called Strike 2-1: Foul Ball, location: 2F 2-2: Ground out 3-1 (Groundball, 34, EV 96.2 MPH)
|
Batting: RHB Chase Cassidy
|
0-0: Ball 1-0: Ball 2-0: Foul Ball, location: 2F 2-1: Swinging Strike 2-2: Ball 3-2: Foul Ball, location: 2F 3-2: Strikes out swinging
|
Batting: RHB Dermott Neill
|
0-0: Ball 1-0: Foul Ball, location: 2F 1-1: Foul Ball, location: 2F 1-2: Ball 2-2: Foul Ball, location: 2F 2-2: Foul Ball, location: 2F 2-2: Fly out, F6 (Line Drive, 6, EV 66.2 MPH)
|
Top of the 4th over - 0 runs, 0 hits, 0 errors, 0 left on base; Bowie 0 - Akron 0 |
BOTTOM OF THE 4TH |
Akron RubberDucks batting - Pitching for Bowie Baysox : RHP Ray Richards
|
Batting: RHB Harris Leroux
|
0-0: Ball 1-0: Foul Ball, location: 2F 1-1: Ball 2-1: Ground out 5-3 (Groundball, 56S, EV 78.8 MPH)
|
Batting: RHB Christian Blue
|
0-0: Ball 1-0: Ball 2-0: Ball 3-0: Base on Balls
|
Batting: RHB Hieronim Rutkowski
|
0-0: Ball 1-0: Called Strike 1-1: Ball Balk! Christian Blue to second 2-1: Ball 3-1: Foul Ball, location: 2F 3-2: Strikes out swinging
|
Batting: RHB Matt Thompson
|
0-0: Ball 1-0: DOUBLE (Line Drive, 5D, EV 95.6 MPH) Christian Blue scores
|
Batting: LHB Corey Trevor
|
0-0: Ball 1-0: DOUBLE (Line Drive, 89D, EV 106.9 MPH) Matt Thompson scores
|
Batting: RHB Edwin Rivera
|
0-0: Ball 1-0: Foul Ball, location: 2F 1-1: Ball 2-1: Ground out 5-3 (Groundball, 56, EV 106.9 MPH)
|
Bottom of the 4th over - 2 runs, 2 hits, 0 errors, 1 left on base; Bowie 0 - Akron 2 |
TOP OF THE 5TH |
Bowie Baysox batting - Pitching for Akron RubberDucks : RHP Chris Anderson
|
Batting: SHB Tony Pantaleon
|
0-0: Foul Ball, location: 2F 0-1: Ball 1-1: Called Strike 1-2: Ground out 5-3 (Groundball, 5, EV 86.9 MPH)
|
Batting: RHB Danny Merrill
|
0-0: Called Strike 0-1: SINGLE (Line Drive, 34D, EV 108.1 MPH)
|
Pitching: RHP T.J. McCullough
|
|
Batting: RHB Vince Jackson
|
0-0: Ball 1-0: Swinging Strike 1-1: 2-RUN HOME RUN (Flyball, 7LD, EV 91.9 MPH), Distance : 349 ft
|
Batting: LHB Pat Shaddock
|
0-0: Called Strike 0-1: Called Strike 0-2: Strikes out looking
|
Batting: RHB Longfellow Wetzler
|
0-0: Swinging Strike 0-1: Ball 1-1: Swinging Strike 1-2: Ball 2-2: Fly out, F7 (Line Drive, 7S, EV 91.2 MPH)
|
Top of the 5th over - 2 runs, 2 hits, 0 errors, 0 left on base; Bowie 2 - Akron 2 |
BOTTOM OF THE 5TH |
Akron RubberDucks batting - Pitching for Bowie Baysox : RHP Ray Richards
|
Batting: RHB Tony Ramirez
|
0-0: Called Strike 0-1: Swinging Strike 0-2: Strikes out swinging
|
Batting: LHB Nick Welling
|
0-0: Ball 1-0: Ball 2-0: Foul Ball, location: 2F 2-1: Fly out, F7 (Line Drive, 7, EV 94.4 MPH)
|
Batting: SHB Arturo Baez
|
0-0: Ball 1-0: Ball 2-0: Foul Ball, location: 2F 2-1: Ball 3-1: Swinging Strike 3-2: Strikes out swinging
|
Bottom of the 5th over - 0 runs, 0 hits, 0 errors, 0 left on base; Bowie 2 - Akron 2 |
TOP OF THE 6TH |
Bowie Baysox batting - Pitching for Akron RubberDucks : RHP T.J. McCullough
|
Batting: RHB Ashton Holloway
|
0-0: Ball 1-0: Foul Ball, location: 2F 1-1: Foul Ball, location: 2F 1-2: Strikes out looking
|
Batting: RHB Jeremy Giesler
|
0-0: Ball 1-0: Ball 2-0: Foul Ball, location: 2F 2-1: Foul Ball, location: 2F 2-2: Strikes out looking
|
Batting: RHB Chase Cassidy
|
0-0: Fly out, F7 (Flyball, 7LM, EV 86.9 MPH)
|
Top of the 6th over - 0 runs, 0 hits, 0 errors, 0 left on base; Bowie 2 - Akron 2 |
BOTTOM OF THE 6TH |
Akron RubberDucks batting - Pitching for Bowie Baysox : RHP Ray Richards
|
Batting: RHB Harris Leroux
|
0-0: Foul Ball, location: 2F 0-1: Ground out U3 (Groundball, 34, EV 88.8 MPH)
|
Batting: RHB Christian Blue
|
0-0: Called Strike 0-1: Foul Ball, location: 2F 0-2: Hit by Pitch
|
Batting: RHB Hieronim Rutkowski
|
0-0: Ball Christian Blue steals 2nd base 1-0: Ball 2-0: SINGLE (Line Drive, 7S, EV 93.8 MPH) Christian Blue to third
|
Batting: RHB Matt Thompson
|
0-0: Ball 1-0: Called Strike Hieronim Rutkowski steals 2nd base 1-1: Ground out 6-3 (Groundball, 6, EV 86.9 MPH)
|
Batting: LHB Corey Trevor
|
0-0: Ball 1-0: Ball 2-0: Called Strike 2-1: Ball 3-1: Swinging Strike 3-2: Base on Balls
|
Batting: RHB Edwin Rivera
|
0-0: Called Strike 0-1: Foul Ball, location: 2F 0-2: Foul Ball, location: 2F 0-2: Foul Ball, location: 2F 0-2: Strikes out looking
|
Bottom of the 6th over - 0 runs, 1 hit, 0 errors, 3 left on base; Bowie 2 - Akron 2 |
TOP OF THE 7TH |
Bowie Baysox batting - Pitching for Akron RubberDucks : RHP T.J. McCullough
|
Pitching: RHP Jay Cowgill
|
|
Batting: RHB Dermott Neill
|
0-0: Called Strike 0-1: Ground out 4-3 (Groundball, 4, EV 81.9 MPH)
|
Batting: SHB Tony Pantaleon
|
0-0: Called Strike 0-1: Ball 1-1: Called Strike 1-2: Ball 2-2: Ball 3-2: Fly out, F6 (Popup, 6, EV 78.1 MPH)
|
Batting: RHB Danny Merrill
|
0-0: Ball 1-0: Called Strike 1-1: SINGLE (Groundball, 25, EV 64.4 MPH) (infield hit)
|
Batting: RHB Vince Jackson
|
0-0: Ball Danny Merrill steals 2nd base 1-0: Called Strike 1-1: Ball 2-1: Ground out 4-3 (Groundball, 4, EV 86.9 MPH)
|
Top of the 7th over - 0 runs, 1 hit, 0 errors, 1 left on base; Bowie 2 - Akron 2 |
BOTTOM OF THE 7TH |
Akron RubberDucks batting - Pitching for Bowie Baysox : RHP Ray Richards
|
Pitching: RHP Mike LaMonica
|
|
Pinch Hitting: RHB Reynaldo Herrera
|
0-0: Fly out, F7 (Line Drive, 7, EV 83.1 MPH)
|
Batting: LHB Nick Welling
|
0-0: Called Strike 0-1: Foul Ball, location: 2F 0-2: Strikes out looking
|
Batting: SHB Arturo Baez
|
0-0: Foul Ball, location: 2F 0-1: Swinging Strike 0-2: Ball 1-2: Strikes out swinging
|
Bottom of the 7th over - 0 runs, 0 hits, 0 errors, 0 left on base; Bowie 2 - Akron 2 |
TOP OF THE 8TH |
Bowie Baysox batting - Pitching for Akron RubberDucks : RHP Jay Cowgill
|
Now at 2B: Christian Blue
|
|
Now at 3B: Michael Meyers
|
|
Batting: LHB Pat Shaddock
|
0-0: SINGLE (Flyball, 89M, EV 88.1 MPH)
|
Batting: RHB Longfellow Wetzler
|
0-0: Sac Bunt to 5S - play at first, batter OUT! 5-4 Pat Shaddock to second
|
Batting: RHB Ashton Holloway
|
0-0: Ball 1-0: Called Strike 1-1: Ground out 5-3 (Groundball, 5, EV 82.5 MPH)
|
Batting: RHB Jeremy Giesler
|
0-0: Ball Wild Pitch! Pat Shaddock to third 1-0: Ball 2-0: Called Strike 2-1: Foul Ball, location: 2F 2-2: Fly out, F8 (Flyball, 8RD, EV 100.6 MPH)
|
Top of the 8th over - 0 runs, 1 hit, 0 errors, 1 left on base; Bowie 2 - Akron 2 |
BOTTOM OF THE 8TH |
Akron RubberDucks batting - Pitching for Bowie Baysox : RHP Mike LaMonica
|
Batting: RHB Harris Leroux
|
0-0: Ground out 5-3 (Groundball, 56, EV 91.2 MPH)
|
Batting: RHB Christian Blue
|
0-0: Ball 1-0: Swinging Strike 1-1: Ball 2-1: Ground out 5-3 (Groundball, 56S, EV 68.8 MPH)
|
Batting: RHB Hieronim Rutkowski
|
0-0: Ball 1-0: Ball 2-0: Ball 3-0: Base on Balls
|
Batting: RHB Matt Thompson
|
0-0: Called Strike 0-1: Fielders Choice at 2nd, 6-4 (Groundball, 6, EV 90.0 MPH)
|
Bottom of the 8th over - 0 runs, 0 hits, 0 errors, 1 left on base; Bowie 2 - Akron 2 |
TOP OF THE 9TH |
Bowie Baysox batting - Pitching for Akron RubberDucks : RHP Jay Cowgill
|
Pitching: RHP Corey Rizzuto
|
|
Batting: RHB Chase Cassidy
|
0-0: Ball 1-0: Foul Ball, location: 2F 1-1: SINGLE (Flyball, 34D, EV 89.4 MPH)
|
Batting: RHB Dermott Neill
|
0-0: Ball 1-0: Ball Wild Pitch! Chase Cassidy to second 2-0: Called Strike 2-1: Ball 3-1: Swinging Strike 3-2: Strikes out swinging
|
Batting: SHB Tony Pantaleon
|
0-0: Intentional Walk
|
Batting: RHB Danny Merrill
|
0-0: Fly out, F9 (Flyball, 9D, EV 82.5 MPH) Runner from 2nd tags up, SAFE at 3rd, no throw by RF
|
Batting: RHB Vince Jackson
|
0-0: Ball 1-0: Ball 2-0: Called Strike 2-1: Foul Ball, location: 2F 2-2: Ball 3-2: Strikes out looking
|
Top of the 9th over - 0 runs, 1 hit, 0 errors, 2 left on base; Bowie 2 - Akron 2 |
BOTTOM OF THE 9TH |
Akron RubberDucks batting - Pitching for Bowie Baysox : RHP Mike LaMonica
|
Pitching: RHP Elliot Monroe
|
|
Batting: LHB Corey Trevor
|
0-0: Called Strike 0-1: DOUBLE (Line Drive, 5D, EV 105.0 MPH)
|
Pinch Hitting: RHB Greg Harden
|
0-0: Intentional Walk
|
Pinch Hitting: LHB John Dietrich
|
0-0: Ball 1-0: Called Strike 1-1: Ball 2-1: Fly out, F8 (Flyball, 8LM, EV 97.5 MPH) Runner from 2nd tags up, OUT at 3rd! 8-5
|
Batting: LHB Nick Welling
|
0-0: Ball 1-0: Called Strike 1-1: Swinging Strike 1-2: Fly out, F7 (Flyball, 7S, EV 91.9 MPH)
|
Bottom of the 9th over - 0 runs, 1 hit, 0 errors, 1 left on base; Bowie 2 - Akron 2 |
TOP OF THE 10TH |
Bowie Baysox batting - Pitching for Akron RubberDucks : RHP Corey Rizzuto
|
Now at C: John Dietrich
|
|
Now at 3B: Mike Plugge
|
|
Batting: LHB Pat Shaddock
|
0-0: Ball 1-0: Ball 2-0: Swinging Strike 2-1: Ground out 6-3 (Groundball, 6, EV 90.0 MPH)
|
Batting: RHB Longfellow Wetzler
|
0-0: Called Strike 0-1: Swinging Strike 0-2: Strikes out swinging
|
Batting: RHB Ashton Holloway
|
0-0: Called Strike 0-1: Swinging Strike 0-2: Strikes out swinging
|
Top of the 10th over - 0 runs, 0 hits, 0 errors, 0 left on base; Bowie 2 - Akron 2 |
BOTTOM OF THE 10TH |
Akron RubberDucks batting - Pitching for Bowie Baysox : RHP Elliot Monroe
|
Pitching: RHP Alfredo Leiva
|
|
Batting: SHB Arturo Baez
|
0-0: Ball 1-0: Ball 2-0: Called Strike 2-1: Called Strike 2-2: Ground out U3 (Groundball, 3, EV 84.4 MPH)
|
Batting: RHB Harris Leroux
|
0-0: Ball 1-0: Called Strike 1-1: Called Strike 1-2: Ground out 6-3 (Groundball, 6, EV 94.4 MPH)
|
Batting: RHB Christian Blue
|
0-0: Called Strike 0-1: Ball 1-1: Foul Ball, location: 2F 1-2: Ground out U3 (Groundball, 3S, EV 66.9 MPH)
|
Bottom of the 10th over - 0 runs, 0 hits, 0 errors, 0 left on base; Bowie 2 - Akron 2 |
TOP OF THE 11TH |
Bowie Baysox batting - Pitching for Akron RubberDucks : RHP Corey Rizzuto
|
Batting: RHB Jeremy Giesler
|
0-0: Called Strike 0-1: Ball 1-1: Ball 2-1: Called Strike 2-2: Strikes out swinging
|
Batting: RHB Chase Cassidy
|
0-0: Called Strike 0-1: Ball 1-1: Swinging Strike 1-2: Ball 2-2: Ball 3-2: Base on Balls
|
Pitching: RHP Jorge Reyes
|
|
Batting: RHB Dermott Neill
|
0-0: Foul Ball, location: 2F 0-1: Ball 1-1: Foul Ball, location: 2F 1-2: Foul Ball, location: 2F 1-2: Foul Ball, location: 2F 1-2: Strikes out swinging
|
Batting: SHB Tony Pantaleon
|
0-0: Ball Chase Cassidy steals 2nd base 1-0: Intentional Walk
|
Batting: RHB Danny Merrill
|
0-0: Foul Ball, location: 2F 0-1: Foul Ball, location: 2F 0-2: Fielders Choice at 2nd, 6-4 (Groundball, 6, EV 88.8 MPH)
|
Top of the 11th over - 0 runs, 0 hits, 0 errors, 2 left on base; Bowie 2 - Akron 2 |
BOTTOM OF THE 11TH |
Akron RubberDucks batting - Pitching for Bowie Baysox : RHP Alfredo Leiva
|
Batting: RHB Hieronim Rutkowski
|
0-0: Called Strike 0-1: Foul Ball, location: 2F 0-2: Ball 1-2: Ball 2-2: Ground out 4-3 (Groundball, 4, EV 89.4 MPH)
|
Batting: RHB Matt Thompson
|
0-0: Ball 1-0: Fly out, F9 (Flyball, 89D, EV 86.2 MPH)
|
Batting: LHB Corey Trevor
|
0-0: Ball 1-0: Foul Ball, location: 2F 1-1: Foul Ball, location: 2F 1-2: Strikes out swinging
|
Bottom of the 11th over - 0 runs, 0 hits, 0 errors, 0 left on base; Bowie 2 - Akron 2 |
TOP OF THE 12TH |
Bowie Baysox batting - Pitching for Akron RubberDucks : RHP Jorge Reyes
|
Batting: RHB Vince Jackson
|
0-0: Ball 1-0: Ball 2-0: Foul Ball, location: 2F 2-1: Foul Ball, location: 2F 2-2: Ground out 4-3 (Groundball, 4, EV 86.9 MPH)
|
Batting: LHB Pat Shaddock
|
0-0: Called Strike 0-1: Ball 1-1: Ground out 4-3 (Groundball, 4, EV 103.8 MPH)
|
Batting: RHB Longfellow Wetzler
|
0-0: Called Strike 0-1: Ball 1-1: Swinging Strike 1-2: Ball 2-2: Strikes out swinging
|
Top of the 12th over - 0 runs, 0 hits, 0 errors, 0 left on base; Bowie 2 - Akron 2 |
BOTTOM OF THE 12TH |
Akron RubberDucks batting - Pitching for Bowie Baysox : RHP Alfredo Leiva
|
Pitching: RHP Paulo Guincho
|
|
Batting: RHB Mike Plugge
|
0-0: Foul Ball, location: 2F 0-1: Ball 1-1: Ball 2-1: SINGLE (Groundball, 34D, EV 100.0 MPH)
|
Batting: LHB John Dietrich
|
0-0: Ball 1-0: Fielders Choice at 2nd, 5-4 (Groundball, 5L, EV 88.8 MPH)
|
Batting: LHB Nick Welling
|
0-0: Called Strike 0-1: Fly out, F6 (Line Drive, 6, EV 73.1 MPH)
|
Batting: SHB Arturo Baez
|
0-0: Swinging Strike 0-1: Foul Ball, location: 2F 0-2: Ball 1-2: Ball 2-2: Fly out, F8 (Flyball, 8RD, EV 90.0 MPH)
|
Bottom of the 12th over - 0 runs, 1 hit, 0 errors, 1 left on base; Bowie 2 - Akron 2 |
TOP OF THE 13TH |
Bowie Baysox batting - Pitching for Akron RubberDucks : RHP Jorge Reyes
|
Batting: RHB Ashton Holloway
|
0-0: Ball 1-0: Ball 2-0: Called Strike 2-1: Foul Ball, location: 2F 2-2: Ball 3-2: Fly out, F7 (Flyball, 7, EV 90.6 MPH)
|
Batting: RHB Jeremy Giesler
|
0-0: Called Strike 0-1: Foul Ball, location: 2F 0-2: Ball 1-2: Foul Ball, location: 2F 1-2: Strikes out swinging
|
Batting: RHB Chase Cassidy
|
0-0: Called Strike 0-1: Foul Ball, location: 2F 0-2: Ball 1-2: Ball 2-2: Ball 3-2: Foul Ball, location: 2F 3-2: SINGLE (Groundball, 34S, EV 96.2 MPH)
|
Batting: RHB Dermott Neill
|
0-0: Called Strike Chase Cassidy steals 2nd base (no throw) 0-1: Swinging Strike 0-2: Strikes out looking
|
Top of the 13th over - 0 runs, 1 hit, 0 errors, 1 left on base; Bowie 2 - Akron 2 |
BOTTOM OF THE 13TH |
Akron RubberDucks batting - Pitching for Bowie Baysox : RHP Paulo Guincho
|
Batting: RHB Harris Leroux
|
0-0: Called Strike 0-1: Ball 1-1: Ball 2-1: SINGLE (Groundball, 5D, EV 106.2 MPH)
|
Batting: RHB Christian Blue
|
0-0: Ball 1-0: Ball 2-0: Swinging Strike 2-1: Ball 3-1: Foul Ball, location: 2F 3-2: DOUBLE (Line Drive, 78D, EV 105.0 MPH) Harris Leroux to third
|
Batting: RHB Hieronim Rutkowski
|
0-0: Intentional Walk
|
Batting: RHB Matt Thompson
|
0-0: Ball 1-0: Ball 2-0: Ball 3-0: Base on Balls Harris Leroux scores Christian Blue to third Hieronim Rutkowski to second
|
Bottom of the 13th over - 1 run, 2 hits, 0 errors, 0 left on base; Bowie 2 - Akron 3 |
|
Game Over ... Akron defeats Bowie, 3 to 2
|
|
|